 Dungeon Crawl Stone Soup version 0.24.0-7-gb3623d2c88 (webtiles) character file.

Game seed: 1217728087672648240, levelgen mode: deterministic

96 Aviak the Sneak (level 4, -5/33 HPs)
             Began as a Demigod Enchanter on Nov 2, 2019.
             Slain by a bullfrog (9 damage)
             ... on level 3 of the Dungeon.
             The game lasted 00:04:30 (2904 turns).

Aviak the Sneak (Demigod Enchanter)                 Turns: 2904, Time: 00:04:30

Health: -5/33      AC:  2    Str: 11    XL:     4   Next: 18%
Magic:  9/9        EV: 13    Int: 19    God:
Gold:   108        SH:  0    Dex: 18    Spells: 1/7 levels left

rFire    . . .     SeeInvis .   e - +1 dagger (speed)
rCold    . . .     Gourm    .   (no shield)
rNeg     . . .     Faith    .   b - +0 robe
rPois    .         Spirit   .   (no helmet)
rElec    .         Reflect  .   (no cloak)
rCorr    .         Harm     .   (no gloves)
MR       .....                  (no boots)
Stlth    +++.......             (no amulet)
HPRegen  0.11/turn              (no ring)
MPRegen  0.11/turn              (no ring)

@: no status effects
A: high mp 1
a: no special abilities


You were on level 3 of the Dungeon.
You were not hungry.

You visited 1 branch of the dungeon, and saw 3 of its levels.

You collected 108 gold pieces.

Inventory:

Hand Weapons
 a - a +1 dagger
 e - a +1 dagger of speed (weapon)
Armour
 b - a +0 robe (worn)
Wands
 i - a wand of digging (5)
Scrolls
 h - a scroll of identify {unknown}
 r - a scroll of remove curse
Potions
 c - a potion of might
 f - 3 potions of curing {unknown}
 g - a potion of mutation {unknown}
 j - a potion of flight {unknown}
 k - a potion of haste {unknown}
 l - a potion of degeneration {unknown}
Comestibles
 d - 2 rations


   Skills:
 + Level 2.0 Short Blades
 + Level 2.5 Dodging
 + Level 3.4 Stealth
 - Level 2.0 Spellcasting
 + Level 3.3 Hexes


You had one spell level left.
You knew the following spells:

 Your Spells              Type           Power        Failure   Level  Hunger
a - Corona                Hex            ##.....      4%          1    #......
b - Ensorcelled Hibernat  Hex/Ice        #.....       13%         2    ###....
c - Confuse               Hex            ##......     13%         3    ###....

Your spell library contained the following spells:

 Spells                   Type           Power        Failure   Level  Hunger
 Tukima's Dance           Hex            ##......     13%         3    ###....
 Dazzling Spray           Conj/Hex       #.....       26%         3    ###....


Dungeon Overview and Level Annotations

Branches:
Dungeon (3/15)


Innate Abilities, Weirdness & Mutations

You have an increased reservoir of magic. (+10% MP)


Message History

The bullfrog barely misses you. The bullfrog hits you!
There are monsters nearby!
You hit the bullfrog.
The bullfrog is lightly wounded.
The bullfrog closely misses you.
There are monsters nearby!
You hit the bullfrog.
The bullfrog is lightly wounded.
The bullfrog hits you.
There are monsters nearby!
You hit the bullfrog.
The bullfrog is moderately wounded.
The bullfrog hits you.
You closely miss the bullfrog.
The bullfrog is moderately wounded.
The bullfrog hits you. The bullfrog hits you!
* * * LOW HITPOINT WARNING * * *
The bullfrog hits you!
You die...

..............##...###........#
.....###########.#..##..†.....#
.....# #..............# .....#
#.###..........# ...†## ###.#
#..######### .#### ...###..#
... ##.##...# ... #.....## ....
# #@.##.# .... .##.#####FK##.#
.... ..............#
............###
###.............
..........#####. ##......#.#
#.......#.# %.......#.#


You could see a bullfrog and a kobold.

Vanquished Creatures
  2 adders (D:2)
  An ooze (D:2)
  4 worms
  3 dart slugs
  2 leopard geckos
  8 bats
  2 giant cockroaches
  12 goblins
  4 hobgoblins
  6 kobolds
  A quokka (D:2)
  2 ball pythons
  2 frilled lizards
  5 rats
54 creatures vanquished.

Notes
Turn   | Place    | Note
-------+----------+-------------------------------------------
     0 | D:1      | Aviak the Demigod Enchanter began the quest for the Orb.
     0 | D:1      | Reached XP level 1. HP: 14/14 MP: 5/5
    31 | D:1      | Reached skill level 1 in Short Blades
   435 | D:1      | Reached XP level 2. HP: 6/20 MP: 2/7
   898 | D:2      | Noticed an ogre
   913 | D:1      | Learned a level 2 spell: Ensorcelled Hibernation
   948 | D:2      | HP: 1/20 [ogre/+0 giant club (18)]
  1601 | D:2      | Reached XP level 3. HP: 24/26 MP: 5/8
  2353 | D:2      | Learned a level 3 spell: Confuse
  2668 | D:2      | Reached XP level 4. HP: 31/33 MP: 5/9
  2893 | D:3      | Noticed a bullfrog
  2904 | D:3      | Slain by a bullfrog

Levels and vault maps discovered:
D:1:      mrwooster_arrival_statue, layout_rooms
D:2:      layout_loops_cross
D:3:      layout_rooms, nicolae_ru_great_annihilating_truth, st_stairs_1

Skill      XL: |  1  2  3  4 |
---------------+-------------+-----
Short Blades   | 1 2 |  2.0
Dodging        | 2 |  2.5
Spellcasting   | 2 |  2.0
Stealth        | 3 |  3.4
Hexes          | 3 |  3.3

Action                   |  1- 3 |  4- 6 || total
-------------------------+-------+-------++-------
Melee: Dagger            |   129 |    36 ||   165
 Cast: Corona            |    11 |       ||    11
       Ensorcelled Hiber |    10 |       ||    10
       Confuse           |     3 |     2 ||     5
  Use: Potion            |     1 |       ||     1
       Scroll            |     1 |       ||     1
 Stab: Sleeping          |    16 |     2 ||    18
       Distracted        |     1 |       ||     1
       Confused          |     2 |     1 ||     3
  Eat: Ration            |     1 |       ||     1
       Chunk             |     3 |     1 ||     4
Armor: Robe              |    24 |     1 ||    25
Dodge: Dodged            |   117 |    12 ||   129
